FIQ, neutral male scurrid Tourist --------- |.......---- |.i......... |N.........| |.....$....| ----.......| - -- --- FIQ the Rambler Experience level: 1 Strength: 18/** Dexterity: 14 Constitution: 12 Intelligence: 10 Wisdom: 8 Charisma: 19 Health: 28(32) Energy: 2(2) Def: 8 Gold: 664 Moves: 33 Dungeon seed: 4JG6j_lMQRu6qeYS Game ID: FIQ_1498602876 Your Inventory: Coins $ - 664 gold pieces Weapons a - 47 uncursed +2 darts (in quiver) Comestibles b - 2 uncursed tins of lichen c - 4 uncursed food rations d - an uncursed candy bar f - 2 uncursed tins of kobold meat g - 3 uncursed tripe rations Scrolls i - 2 uncursed scrolls of magic mapping j - 2 blessed scrolls of magic mapping Potions h - 2 uncursed potions of extra healing Wands m - an uncursed wand of secret door detection (0:11) Tools k - an uncursed expensive camera (0:35) l - an uncursed credit card n - an uncursed oil lamp (0:1301) Spells and supernatural/magical abilities: Name Level Category Fail Memory W - pray for help -- divine ? -- Z - spit venom -- ability ? -- Your skills at the end: Miscellaneous Skills wands [Basic] Weapon Skills dart [Basic] Spellcasting Skills Final Attributes: You were devoutly aligned. You were poison resistant. You were acid resistant. You were petrification resistant. You were very stealthy. You were polymorphed into a black naga. You survived. Voluntary challenges: You went without food. You did not adorn yourself with jewelry or accessories. You did not cause conflict. You were not invisible. You did not have reflection. You were not displaced. You were an atheist. You never hit with a wielded weapon. You were a pacifist. You did not use tools. You did not use plumbed fixtures. You did not drink any magical draughts. You were illiterate. You never genocided any monsters. You never polymorphed an object. You changed form 1 time, starting on turn 32. You used no wishes. You never split a pudding. You never wrote Elbereth's name. You never violated your personal moral code. Dungeon overview: The Dungeons of Doom: levels 1 to 14 Level 1 a long staircase Level 2 Level 3 Level 4 a fountain Level 5 Level 6 Level 7 Level 8 Level 9 Level 10 Level 11 Level 12 Level 13 Level 14 <- You were here History has recorded: On T:1 you entered the Dungeons of Doom to retrieve the Amulet of Yendor! On T:4 you reached level 2 of The Dungeons of Doom. On T:6 you reached level 3 of The Dungeons of Doom. On T:8 you reached level 4 of The Dungeons of Doom. On T:10 you reached level 5 of The Dungeons of Doom. On T:13 you reached level 6 of The Dungeons of Doom. On T:15 you reached level 7 of The Dungeons of Doom. On T:17 you reached level 8 of The Dungeons of Doom. On T:19 you reached level 9 of The Dungeons of Doom. On T:22 you reached level 10 of The Dungeons of Doom. On T:25 you reached level 11 of The Dungeons of Doom. On T:28 you reached level 12 of The Dungeons of Doom. On T:30 you reached level 13 of The Dungeons of Doom. On T:32 you reached level 14 of The Dungeons of Doom. Score breakdown: Gold: 0 ( 0 points) Experience: 1 level ( 0 points) Exploration: 14 levels ( 390 points) Discoveries: 0 items ( 0 points) Variety of kills: 0 monsters ( 0 points) Major goal: (nothing yet) ( 0 points) Survival: quit (score multiplied by 3) Total score: 1170 Latest messages: You continue digging downward. You dig a hole through the floor. You fall through... You start digging downward. You continue digging downward. You dig a pit in the floor. You continue digging downward. You dig a hole through the floor. You fall through... You start digging downward. You continue digging downward. You dig a pit in the floor. You continue digging downward. You dig a hole through the floor. You fall through... You receive a faint telepathic message from Twoflower: Your help is urgently needed at Ankh-Morpork! Look for a ...ic transporter. You couldn't quite make out that last message. You step onto a polymorph trap, and change comes over you. You turn into a black naga! Your shirt rips to shreds! You have a special ability in this form: 'spit venom'. You can cast it like a spell. The imp claws you! You can't go down here. (15x) That command is only available in debug mode. Final status: Aloha FIQ the Tourist, quit... You quit in The Dungeons of Doom on dungeon level 14 with 1170 points, and 664 pieces of gold, after 33 moves. You were level 1 with a maximum of 9 hit points when you quit.